 Dungeon Crawl Stone Soup version 0.20-a0-901-g27f6fa8 (webtiles) character file.

380 Delwin the Covert (level 6, 0/28 HPs)
             Began as a Spriggan Enchanter on Mar 19, 2017.
             Was an Initiate of Dithmenos.
             Succumbed to a worker ant's poison
             ... on level 4 of the Dungeon.
             The game lasted 00:14:27 (5067 turns).

Delwin the Covert (Spriggan Enchanter)              Turns: 5067, Time: 00:14:28

Health: 0/28       AC:  5    Str:  8    XL:     6   Next: 46%
Magic:  4/14       EV: 18    Int: 18    God:    Dithmenos [......]
Gold:   86         SH:  0    Dex: 17    Spells: 5/14 levels left

rFire    . . .     SeeInvis +   a - +2 dagger
rCold    . . .     Gourm    .   b - +1 robe
rNeg     . . .     Faith    .   (shield restricted)
rPois    +         Spirit   .   (helmet restricted)
rElec    .         Reflect  .   (no cloak)
rCorr    .         Harm     .   (gloves unavailable)
MR       +....                  (boots unavailable)
Stlth    ++++......             (no amulet)
Regen    0.1/turn               (no ring)
MPRegen  0.2/turn               o - +2 ring of strength

@: lethally poisoned (0 -> -8), exhausted, flying, very slightly contaminated,
hasted and slowed, invisible, very quick
A: unfitting armour, slimy green scales 1, see invisible, herbivore 3, speed 3,
poison resistance, slow metabolism 2, strong 1
a: Renounce Religion


You were on level 4 of the Dungeon.
You worshipped Dithmenos.
Dithmenos was noncommittal.
You were completely stuffed.

You visited 1 branch of the dungeon, and saw 4 of its levels.

You collected 86 gold pieces.

Inventory:

Hand Weapons
 a - a +2 dagger (weapon)
 i - a +0 hunting sling
Missiles
 h - 8 sling bullets
Armour
 b - a +1 robe (worn)
 k - a +1 robe of magic resistance
Jewellery
 o - a +2 ring of strength (left hand)
Scrolls
 l - a scroll of blinking
 n - 2 scrolls of teleportation
 p - 3 scrolls of magic mapping
Books
 c - a book of Maledictions

   Spells                             Type                      Level
   a - Corona                         Hexes                        1
   b - Ensorcelled Hibernation        Hexes/Ice                    2
   c - Confuse                        Hexes                        3
   d - Tukima's Dance                 Hexes                        3
   e - Dazzling Spray                 Conjuration/Hexes            3
Comestibles
 f - 6 fruits


   Skills:
 - Level 1.1 Short Blades
 - Level 3.0 Dodging
 + Level 8.4 Stealth
 - Level 4.8 Spellcasting
 - Level 5.5 Hexes


You had 5 spell levels left.
You knew the following spells:

 Your Spells              Type           Power        Failure   Level  Hunger
a - Ensorcelled Hibernat  Hex/Ice        ##....       10%         2    #......
b - Corona                Hex            ###....      1%          1    None
c - Confuse               Hex            ###.....     4%          3    ###....
d - Tukima's Dance        Hex            ###.....     4%          3    ###....


Dungeon Overview and Level Annotations

Branches:
Dungeon (4/15)
 Temple: D:4-7

Altars:
Dithmenos
Elyvilon
Sif Muna


Innate Abilities, Weirdness & Mutations

You are very small and have problems with some larger weapons.
You are too small for most types of armour.
You have supernaturally acute eyesight. (SInv)
You are a herbivore.
You cover ground extremely quickly.
You need consume almost no food.
You are partially covered in slimy green scales. (AC +2)
Your system is resistant to poisons. (rPois)
Your muscles are strong. (Str +2)


Message History

A red film seems to cover your vision as you go berserk!
You feel yourself moving faster!
You feel mighty!
* * * LOW HITPOINT WARNING * * *
You feel sick.
The worker ant twitches its antennae in your direction.
You feel a strong urge to attack something.
The worker ant twitches its antennae in your direction.
The worker ant twitches its antennae in your direction.
You feel your anger subside.
You are no longer berserk.
You are exhausted.
You feel yourself slow down.
* * * LOW HITPOINT WARNING * * *
You feel sick.
The worker ant twitches its antennae in your direction.
Unknown command.
You aren't carrying any potions.
You eat one of the 2 bread rations.
That bread ration really hit the spot!
You eat the bread ration.
That bread ration really hit the spot!
You die...

#............................
#..............%.............
#...........................a
#............................
#............................
#............................
#............................
#.....%......................
#..........a..@..............
#..............<.............
#............................
#............................
#............................
#............................
#.......................$.
#.........................
#.........................


You could see a worker ant (wandering).

Vanquished Creatures
  The ghost of katzbalger the Slasher, an amateur HuGl (D:3)
  A bullfrog (D:3)
  A scorpion (D:4)
  4 gnolls
  5 adders
  2 worms
  4 dart slugs
  3 leopard geckos
  9 orcs (D:3)
  A giant cockroach (D:2)
  6 goblins
  7 hobgoblins
  6 jackals
  4 kobolds
  2 quokkas
  3 ball pythons
  8 bats
  7 frilled lizards
  12 rats
86 creatures vanquished.

Vanquished Creatures (others)
  A dancing weapon (D:3)
1 creature vanquished.

Grand Total: 87 creatures vanquished

Notes
Turn   | Place    | Note
-------+----------+-------------------------------------------
     0 | D:1      | Delwin the Spriggan Enchanter began the quest for the Orb.
     0 | D:1      | Reached XP level 1. HP: 9/9 MP: 5/5
   566 | D:1      | Reached XP level 2. HP: 13/13 MP: 7/7
   570 | D:1      | Learned a level 2 spell: Ensorcelled Hibernation
  1052 | D:1      | Reached XP level 3. HP: 16/16 MP: 0/9
  1057 | D:1      | Learned a level 3 spell: Confuse
  1061 | D:1      | Learned a level 3 spell: Tukima's Dance
  2273 | D:2      | Reached skill level 5 in Hexes
  2273 | D:2      | Reached XP level 4. HP: 16/21 MP: 8/11
  3189 | D:2      | Found a deep blue altar of Sif Muna.
  3292 | D:3      | Reached XP level 5. HP: 21/24 MP: 13/13
  3324 | D:3      | Noticed katzbalger's ghost (amateur HuGl)
  3667 | D:3      | Killed katzbalger's ghost
  3667 | D:3      | Reached skill level 6 in Stealth
  3778 | D:3      | Reached skill level 7 in Stealth
  3778 | D:3      | Reached XP level 6. HP: 28/28 MP: 14/14
  4175 | D:3      | Found a white marble altar of Elyvilon.
  4273 | D:3      | Found a shadowy altar of Dithmenos.
  4290 | D:3      | Became a worshipper of Dithmenos the Shadowed
  4998 | D:4      | Reached skill level 8 in Stealth
  5052 | D:4      | Gained mutation: Your system is resistant to poisons. (rPois) [potion of mutation]
  5052 | D:4      | Gained mutation: Your muscles are strong. (Str +2) [potion of mutation]
  5052 | D:4      | Gained mutation: You are partially covered in slimy green scales. (AC +2) [potion of mutation]
  5061 | D:4      | HP: 2/42 [poisoned by a worker ant]
  5067 | D:4      | Succumbed to a worker ant's poison

Vault maps used:
D:1:      dpeg_arrival_simpleton_b, hangedman_decor_clover_reticule
D:2:      lemuel_round_altar
D:3:      nicolae_dithmenos_through_a_glass_darkly, old_standard_altar
D:4:      temple_doors_ab

Skill      XL: |  1  2  3  4  5  6 |
---------------+-------------------+-----
Spellcasting   | 3 4 |  4.8
Hexes          | 4 5 |  5.5
Stealth        | 7 8 |  8.4
Short Blades   | |  1.1
Dodging        | |  3.0

Action                   |  1- 3 |  4- 6 || total
-------------------------+-------+-------++-------
Melee: Dagger            |    97 |   196 ||   293
 Cast: Corona            |     5 |       ||     5
       Ensorcelled Hiber |    30 |    29 ||    59
       Confuse           |       |    12 ||    12
       Tukima's Dance    |       |     3 ||     3
  Use: Scroll            |     3 |     9 ||    12
       Potion            |       |     5 ||     5
 Stab: Sleeping          |    19 |    26 ||    45
       Confused          |       |     8 ||     8
  Eat: Royal jelly       |       |     2 ||     2
       Bread ration      |       |     2 ||     2
       Fruit             |       |     1 ||     1
Armor: Robe              |     6 |    13 ||    19
Dodge: Dodged            |   133 |   194 ||   327
